 Dungeon Crawl Stone Soup version 0.24.1-14-gf8d2b509d9 (webtiles) character file.

Game seed: 7009102698576877197, levelgen mode: deterministic

59 lepoulpe303 the Chiller (level 4, -14/30 HPs)
             Began as a Human Ice Elementalist on May 26, 2020.
             Demolished by an orc warrior
             ... wielding a +0 flail
              (19 damage)
             ... on level 1 of the Dungeon.
             The game lasted 00:11:06 (2735 turns).

lepoulpe303 the Chiller (Human Ice Elementalist)    Turns: 2735, Time: 00:11:07

Health: -14/30     AC:  3    Str:  8    XL:     4   Next: 22%
Magic:  2/8        EV: 12    Int: 17    God:
Gold:   110        SH:  0    Dex: 13    Spells: 2/8 levels left

rFire    . . .     SeeInvis .   a - +0 dagger
rCold    . . .     Gourm    .   (no shield)
rNeg     . . .     Faith    .   d - +0 robe
rPois    .         Spirit   .   k - +1 hat
rElec    .         Reflect  .   (no cloak)
rCorr    .         Harm     .   (no gloves)
MR       .....                  (no boots)
Stlth    ++........             (no amulet)
HPRegen  0.10/turn              (no ring)
MPRegen  0.11/turn              (no ring)

@: no status effects
A: no striking features
a: no special abilities


You were on level 1 of the Dungeon.
You were hungry.

You visited 1 branch of the dungeon, and saw 2 of its levels.

You collected 110 gold pieces.

Inventory:

Hand Weapons
 a - a +0 dagger (weapon)
 b - a +1 hunting sling of flaming
Missiles
 Q - 25 stones (quivered)
Armour
 d - a +0 robe (worn)
 j - a +0 leather armour
 k - a +1 hat (worn)
Jewellery
 h - a cursed ring of teleportation {unknown}
 n - an uncursed ring of flight {unknown}
 s - an uncursed ring of fire {unknown}
Scrolls
 c - a scroll of fear {unknown}
 g - a scroll of magic mapping {unknown}
 i - a scroll of teleportation {unknown}
 l - a scroll of identify {unknown}
 m - a scroll of immolation {unknown}
 p - 2 scrolls of remove curse {unknown}
 r - 2 scrolls of enchant armour {unknown}
Potions
 f - a potion of mutation {unknown}
 o - 2 potions of ambrosia {unknown}
Comestibles
 e - 5 rations


   Skills:
 + Level 0.9 Armour
 + Level 2.3 Dodging
 + Level 2.3 Stealth
 * Level 2.6 Spellcasting
 - Level 1.0 Conjurations
 * Level 3.7 Ice Magic


You had 2 spell levels left.
You knew the following spells:

 Your Spells              Type           Power        Failure   Level  Hunger
a - Freeze                Ice            ##..         4%          1    #......
x - Throw Frost           Conj/Ice       ##....       11%         2    ##.....
A - Ozocubu's Armour      Chrm/Ice       #.......     26%         3    ###....

Your spell library contained the following spells:

 Spells                   Type           Power        Failure   Level  Hunger
 Throw Icicle             Conj/Ice       ##......     56%         4    #####..
 Summon Ice Beast         Ice/Summ       #.......     63%         4    #####..


Dungeon Overview and Level Annotations

Branches:
Dungeon (2/15)

Altars:


Message History

There is a stone staircase leading down here.
You take 3 damage, and have 13/30 hp.
The orc warrior hits you with a +0 flail!
* * * LOW HITPOINT WARNING * * *
You take 12 damage, and have 2/30 hp.
MASSIVE DAMAGE!!
MP restored: 7
Aim: a hobgoblin You freeze the hobgoblin!
You kill the hobgoblin!
You now have 6/8 mp.
Aim: an orc warrior, wielding a +0 flail and wearing a +0 plate armour (severely wounded)
The puff of frost hits the orc warrior.
You now have 4/8 mp.
Aim: an orc warrior, wielding a +0 flail and wearing a +0 plate armour (almost dead)
The puff of frost hits the orc warrior.
* * * LOW MAGIC WARNING * * *
The orc warrior hits you with a +0 flail!!
Ouch! That really hurt!
You die...

#.# #########.# #.# #....)..#.#
#.# #.#####.#.# #.#####.# #.#.#
###### #.......# #.#.# #....#
########### #.#.# #....#
#...o.....# #.#.# ###....#
#o#######.# #.#.# .......# #@#
#.# #.#.#
.......#########.#######o####.#.#
.....................o........#.#
.......####.####.#######.#.#..#.#
.......# #.####.#######.#.##.#.#
.......####.#............#)##.#.#
..................####.#.#.##...#
................................'
...####................###.###..#


You could see an orc warrior.

Levels and vault maps discovered:
D:1:      evilmike_arrival_run_for_it, layout_basic, minmay_ruptured
D:2:      layout_loops_corners, chequers_ecumenical_altar_simple_redux

Notes
Turn   | Place    | Note
-------+----------+-------------------------------------------
     0 | D:1      | lepoulpe303 the Human Ice Elementalist began the quest for
                  | the Orb.
     0 | D:1      | Reached XP level 1. HP: 13/13 MP: 3/3
   170 | D:1      | Identified a +0 club
   176 | D:1      | Identified a +0 dagger
   178 | D:1      | Identified a +0 club
   321 | D:1      | Reached XP level 2. HP: 15/19 MP: 0/5
   378 | D:1      | Learned a level 2 spell: Throw Frost
   789 | D:1      | Identified a cursed -2 club
   991 | D:1      | Identified a +1 hat (You found it on level 1 of the
                  | Dungeon)
  1001 | D:1      | Reached XP level 3. HP: 24/24 MP: 4/6
  1006 | D:1      | Learned a level 3 spell: Ozocubu's Armour
  1026 | D:1      | Identified a +0 club
  1315 | D:1      | Identified a +0 club
  1404 | D:1      | Identified a cursed -3 whip
  1563 | D:2      | Identified a +0 whip
  1701 | D:2      | Identified a +0 dagger
  1912 | D:2      | Identified a +1 hunting sling of flaming
  2107 | D:2      | Identified a cursed +0 club
  2128 | D:2      | Reached XP level 4. HP: 26/30 MP: 2/7
  2249 | D:2      | Found a faded altar of an unknown god.
  2311 | D:2      | Identified a +0 club
  2312 | D:2      | Identified a +0 flail
  2459 | D:2      | Identified a +0 flail
  2459 | D:2      | Identified a +0 plate armour
  2459 | D:2      | Noticed an orc warrior
  2654 | D:2      | Identified a +0 falchion
  2698 | D:1      | HP: 2/30 [orc warrior/+0 flail (12)]
  2735 | D:1      | Demolished by an orc warrior

Table legend:
 A = Turns spent in this place as a percentage of turns spent in the entire game.
 B = Non-inter-level travel turns spent in this place as a percentage of non-inter-level travel turns spent in the entire game.
 C = Inter-level travel turns spent in this place as a percentage of turns spent in this place.
 D = Turns resting spent in this place as a percentage of non-inter-level travel turns spent in this place.
 E = Turns spent auto-exploring this place as a percentage of non-inter-level travel turns spent in this place.
 F = Non-inter-level travel turns spent in this place divided by the number of levels of this place that you've seen.
                   A       B       C       D       E      F
               +-------+-------+-------+-------+-------+----------------------
         Total | 100.0 | 100.0 |   2.0 |  36.2 |  35.4 | 1340.0
       Dungeon | 100.0 | 100.0 |   2.0 |  36.2 |  35.4 | 1340.0
               +-------+-------+-------+-------+-------+----------------------

Table legend:
 A = Kills in this place as a percentage of kills in entire the game.
 B = Kills by you in this place as a percentage of kills by you in the entire game.
 C = Kills by friends in this place as a percentage of kills by friends in the entire game.
 D = Other kills in this place as a percentage of other kills in the entire game.
 E = Experience gained in this place as a percentage of experience gained in the entire game.
 F = Experience gained in this place divided by the number of levels of this place that you have seen.
                   A       B       C       D       E      F
               +-------+-------+-------+-------+-------+----------------------
         Total | 100.0 | 100.0 |   N/A |   N/A | 100.0 |  42.5
       Dungeon | 100.0 | 100.0 |   N/A |   N/A | 100.0 |  42.5
               +-------+-------+-------+-------+-------+----------------------

Action                   |  1- 3 |  4- 6 || total
-------------------------+-------+-------++-------
Melee: Unarmed           |     1 |       ||     1
       Dagger            |    54 |    20 ||    74
 Fire: Hunting sling     |     3 |     6 ||     9
 Cast: Freeze            |    42 |    14 ||    56
       Throw Frost       |     4 |     6 ||    10
 Stab: Sleeping          |     5 |       ||     5
  Eat: Chunk             |     5 |     1 ||     6
Armor: Robe              |    20 |     4 ||    24
Dodge: Dodged            |    51 |    22 ||    73

Vanquished Creatures
  An ooze (D:1)
  2 leopard geckos
  2 orcs (D:2)
  A ball python (D:2)
  A giant cockroach (D:1)
  3 goblins
  10 hobgoblins
  4 jackals (D:2)
  3 kobolds
  A quokka (D:2)
  8 bats
  5 frilled lizards
  5 rats
46 creatures vanquished.
